[Event "*** MasterClass Titled Tuesday Blitz"]
[Site "Chess.com"]
[Date "2017.08.01"]
[Round "4"]
[White "quesfr"]
[Black "Chess64Surfer"]
[Result "0-1"]
[WhiteElo "2109"]
[BlackElo "2021"]
[TimeControl "180+2"]
[EndTime "13:52:57 PDT"]
[Termination "Chess64Surfer won on time"]

1. e4 d6 2. d4 Nf6 3. Nc3 g6 4. f4 Bg7 5. Nf3 O-O 6. e5 Nfd7 7. Bc4 Nb6 8. Bb3 d5 9. O-O Bg4 10. h3 Bxf3 11. Qxf3 e6 12. Nd1 N8d7 13. Be3 Qe7 14. c3 c5 15. Nf2 Rac8 16. g4 cxd4 17. cxd4 Nc4 18. Nd3 Ndb6 19. Rf2 Nxe3 20. Qxe3 Nc4 21. Qf3 f6 22. Re1 fxe5 23. dxe5 b5 24. Qg3 a5 25.
a4 bxa4 26. Bxa4 Qa7 27. Kh2 Rb8 28. f5 Qd4 29. f6 Nxe5 30. Nxe5 Bxf6 31. Nd7 Be5 32.
Rxf8+ Rxf8 33. Nxe5 Qxa4 34. Re2 Qd4 35. Qe3 Qf4+ 36. Qxf4 Rxf4 37. Nd7 Rb4 0-1

[Event "*** MasterClass Titled Tuesday Blitz"]
[Site "Chess.com"]
[Date "2017.08.01"]
[Round "4"]
[White "Lord_Neezy"]
[Black "Alohamora11"]
[Result "1-0"]
[WhiteElo "2166"]
[BlackElo "2090"]
[TimeControl "180+2"]
[EndTime "13:53:03 PDT"]
[Termination "Lord_Neezy won on time"]

1. e4 c5 2. Nc3 g6 3. Nge2 Nc6 4. d4 cxd4 5. Nxd4 Bg7 6. Be3 Nf6 7.
Bc4 O-O 8. Bb3 Qa5 9. O-O d6 10. h3 Bd7 11. f4 Nxd4 12. Bxd4 Bc6 13. Qd3 Nd7 14. Bxg7 Kxg7 15. Nd5 Bxd5 16. Bxd5 e6 17. Bb3 Qb6+ 18. Kh2 Nc5 19. Qd4+ Kg8 20. Rad1 Rfd8 21. f5 Nxb3 22. Qxb6 axb6 23. axb3 Kg7 24. Rd2 exf5 25. exf5 Ra5 26. f6+ Kf8 27. g4 h6 28. Rfd1 d5 29. Kg3 Rd6 30. c4 Rxf6 31. Rxd5 Ra2 32. Rd6 Rxd6 33. Rxd6 b5 34. Rb6 bxc4 35. bxc4 Ra7 36. Kf4 Ke7 37. h4 Kd7 38. h5 gxh5 39.
gxh5 Ra4 40. Rxb7+ Ke6 41. b3 Ra1 42. Rb6+ Ke7 43. Rxh6 Rf1+ 44. Ke3 Rh1 45. b4 Rh4 46. Kd3 f5 47. b5 f4 48. b6 Kd7 49. c5 f3 50. c6+ Kd8 51. Rh8+ 1-0

[Event "*** MasterClass Titled Tuesday Blitz"]
[Site "Chess.com"]
[Date "2017.08.01"]
[Round "4"]
[White "PelinGorki"]
[Black "SuperBlitz"]
[Result "1/2-1/2"]
[WhiteElo "2416"]
[BlackElo "2313"]
[TimeControl "180+2"]
[EndTime "13:53:05 PDT"]
[Termination "Game drawn by agreement"]

1. e4 d5 2. exd5 Qxd5 3. Nc3 Qa5 4. d4 Nf6 5. Nf3 c6 6. Bc4 Bf5 7. Bd2 e6 8. Nd5 Qd8 9. Nxf6+ Qxf6 10. Qe2 Bd6 11.
O-O-O b5 12. Bg5 Qg6 13. Bb3 Bg4 14. h4 a5 15. d5 a4 16. dxe6 axb3 17. Rxd6 O-O 18. a3 fxe6 19. cxb3 Na6 20. Qd2 Nc5 21. Qe3 Ne4 22. Rd4 Bxf3 23. gxf3 Nxg5 24. hxg5 Rf5 25. f4 Raf8 26. Re4 e5 27. Rxe5 Rxf4 28. Rh2 Rf3 29.
Qc5 Rd8 30. Rh1 Rxb3 31. Rhe1 Rbd3 32. f4 R3d6 33. Qe3 Kf8 34. f5 Qf7 35. f6 Qc4+ 36. Qc3 Qxc3+ 37. bxc3 gxf6 38. Rf5 Kf7 39. Ref1 Kg6 40.
gxf6 Kf7 41. Rh5 Rh8 42. Rh6 Rdd8 43. Kc2 Rdg8 44. Re1 Rg6 45. Re7+ Kxf6 46. Rhxh7 Rxh7 47. Rxh7 Ke5 48. Kb3 Kd5 49. Rh5+ Kd6 50. Kb4 Rg4+ 51. Kb3 Kc7 1/2-1/2

[Event "*** MasterClass Titled Tuesday Blitz"]
[Site "Chess.com"]
[Date "2017.08.01"]
[Round "4"]
[White "GrigorGrigorov"]
[Black "vellottiwizard"]
[Result "1-0"]
[WhiteElo "2618"]
[BlackElo "2513"]
[TimeControl "180+2"]
[EndTime "13:53:10 PDT"]
[Termination "GrigorGrigorov won by resignation"]

1. d4 Nf6 2. c4 e6 3. Nc3 Bb4 4. e3 O-O 5. Ne2 d5 6. a3 Be7 7. cxd5 exd5 8. Nf4 c6 9. Bd3 Re8 10. O-O Nbd7 11. f3 Nf8 12. Bd2 Ne6 13. Nfe2 c5 14.
Be1 cxd4 15. exd4 Bd7 16. Qd2 Rc8 17. Bf2 Qb6 18. Rac1 Bd6 19. Bb1 a6 20. Bg3 Bxg3 21. hxg3 Bb5 22. Nxb5 Qxb5 23. Bd3 Qb6 24. Qb4 Qxb4 25.
axb4 Kf8 26. g4 h6 27. Kf2 Red8 28. b5 axb5 29. Bxb5 Ne8 30. Bd3 Nd6 31. b3 Ke7 32. Rxc8 Rxc8 33. Ra1 Rc7 34. Ke3 Kf6 35. Ra8 Re7 36. Kd2 g6 37. Rh8 Kg7 38. Rb8 Kf6 39. g3 Ng5 40. Ng1 Ne6 41. Ne2 Rd7 42. f4 Nd8 43. Nc3 Nc6 44. Ra8 Nxd4 45. Nxd5+ Kg7 46. Kc3 Ne6 47. f5 Nc7 48. f6+ Kh7 49. Nxc7 Rxc7+ 50. Kb4 Rc6 51. Rf8 Rc7 52. Rd8 Nc8 53. Bc4 h5 54. g5 Na7 55. Rf8 Nc6+ 56. Kc5 Ne5+ 57. Kd6 1-0

[Event "*** MasterClass Titled Tuesday Blitz"]
[Site "Chess.com"]
[Date "2017.08.01"]
[Round "4"]
[White "nutibara"]
[Black "Usurpov"]
[Result "1/2-1/2"]
[WhiteElo "2240"]
[BlackElo "2267"]
[TimeControl "180+2"]
[EndTime "13:53:10 PDT"]
[Termination "Game drawn by repetition"]

1. e4 c5 2. Nf3 Nc6 3. d4 cxd4 4. Nxd4 e5 5. Nb5 a6 6. Nd6+ Bxd6 7. Qxd6 Qe7 8. Qd1 Nf6 9. Nc3 h6 10. Nd5 Nxd5 11.
exd5 Nd4 12. c3 Nf5 13. Bd3 d6 14. O-O O-O 15. f4 exf4 16. Bxf4 Ne3 17. Qe2 Nxd5 18. Qxe7 Nxe7 19. Bxd6 Rd8 20. Bxe7 Rxd3 21. Rad1 Rxd1 22.
Rxd1 Be6 23. b3 Re8 24. Bb4 Bg4 25. Rd2 Re2 26. Rxe2 Bxe2 27. Kf2 Bd3 28. Bc5 f5 29. Ke3 Bb1 30. Kd2 Kf7 31. Bd4 g5 32. c4 Ke6 33. Bg7 h5 34. Bh6 Kf6 35. a4 Be4 36. g3 Kg6 37. Bf8 f4 38. gxf4 gxf4 39. Bd6 Kf5 40. b4 Kg4 41. b5 axb5 42. axb5 Kf3 43. c5 Bd5 44. Kd3 Kg4 45. Kd4 Bg2 46. Bc7 h4 47.
Bd6 Bh1 48. Bc7 Bg2 49. Bd6 Bh1 50. Kd3 Bg2 51. Kd4 Bh1 52. Be5 Bg2 53. Kd3 Bh1 54.
Kd4 Bg2 55. Bd6 Bh1 56. Bc7 Bg2 57. Bd6 1/2-1/2

[Event "*** MasterClass Titled Tuesday Blitz"]
[Site "Chess.com"]
[Date "2017.08.01"]
[Round "4"]
[White "chessdude"]
[Black "ChessQueen"]
[Result "0-1"]
[WhiteElo "2428"]
[BlackElo "2585"]
[TimeControl "180+2"]
[EndTime "13:53:19 PDT"]
[Termination "ChessQueen won by resignation"]

1. e4 e5 2. Nf3 Nf6 3. Nxe5 d6 4. Nf3 Nxe4 5. d4 d5 6. Bd3 Bd6 7. O-O O-O 8. c4 c6 9. Qc2 Na6 10. a3 f5 11. Nc3 Nc7 12. Ne5 c5 13. Nxd5 Nxd5 14.
cxd5 cxd4 15. Nc4 Bb8 16. Bxe4 fxe4 17. Nd2 Qxd5 18. Qxe4 Qd6 19. g3 Bh3 20. Rd1 Qf6 21. f4 Bc7 22. Nf3 Rae8 23. Qd3 Bb6 24. Bd2 Bf5 25.
Qc4+ Be6 26. Qd3 Bf5 27. Qc4+ Kh8 28. Re1 d3+ 29. Kg2 Rc8 30. Qb4 Rfe8 31. Rxe8+ Rxe8 32. Re1 Rxe1 33. Bxe1 h6 34. Bc3 Qf7 35. h3 Kg8 36. g4 Be6 37. Kg3 Qd7 38. Ne5 Qd8 39. f5 Bd5 40. Ng6 Bf7 41. Nf4 Bc7 42. Bd2 b6 43.
Qc3 Qd6 44. Kf2 Qe7 45. Qxd3 Qc5+ 46. Be3 Qc6 47. Ng6 Qh1 48. Qf1 Bg3+ 49. Ke2 Bc4+ 0-1

[Event "*** MasterClass Titled Tuesday Blitz"]
[Site "Chess.com"]
[Date "2017.08.01"]
[Round "4"]
[White "Bengalas"]
[Black "iturrizaga"]
[Result "1-0"]
[WhiteElo "2484"]
[BlackElo "2629"]
[TimeControl "180+2"]
[EndTime "13:53:20 PDT"]
[Termination "Bengalas won on time"]

1. d4 Nf6 2. c4 c5 3. d5 b5 4.
cxb5 a6 5. bxa6 g6 6. Nc3 Bxa6 7. e4 Bxf1 8. Kxf1 d6 9. Nf3 Bg7 10. g3 O-O 11. Kg2 Nbd7 12. a4 Qb8 13. Qc2 Rc8 14.
h3 c4 15. Rd1 Nc5 16. Nd4 Nd3 17. Nc6 Qb7 18. Nb5 Nxe4 19. Qxc4 Ndxf2 20. Rf1 e6 21. Qe2 exd5 22. Ncd4 Nxg3 23. Kxg3 Ne4+ 24. Kg2 Qd7 25.
Be3 f5 26. Rfc1 Be5 27. Rxc8+ Rxc8 28. Rc1 Re8 29. Rc7 Qd8 30. Nc6 Qh4 31. Qf3 Ng5 32.
Bxg5 Qxg5+ 33. Kf1 Qc1+ 34. Kg2 Qg5+ 35. Kf1 Bxb2 36.
Qxd5+ Kh8 37. Ncd4 Qf4+ 38. Nf3 Bg7 39. Nxd6 Rf8 40.
Nf7+ Rxf7 41. Rxf7 Qc1+ 42. Ne1 Qf4+ 43. Kg2 Qg5+ 44.
Kf1 Qf4+ 45. Nf3 Qc1+ 46. Kg2 h5 47. Rd7 1-0

[Event "*** MasterClass Titled Tuesday Blitz"]
[Site "Chess.com"]
[Date "2017.08.01"]
[Round "4"]
[White "AndrewMcStone"]
[Black "gui_borba"]
[Result "0-1"]
[WhiteElo "2072"]
[BlackElo "2126"]
[TimeControl "180+2"]
[EndTime "13:53:29 PDT"]
[Termination "gui_borba won by resignation"]

1. d4 Nf6 2. c4 g6 3. Nc3 d5 4.
cxd5 Nxd5 5. Bd2 Bg7 6. e4 Nxc3 7. Bxc3 c5 8. d5 Bxc3+ 9. bxc3 O-O 10. Qd2 e5 11.
Nf3 Qd6 12. c4 Nd7 13. Bd3 f5 14. Qh6 f4 15. h4 Qe7 16. h5 Qg7 17. hxg6 hxg6 18. O-O-O Re8 19. Qg5 Qf6 20. Rh6 Qxg5 21.
Nxg5 Kg7 22. Rdh1 Nf6 23. f3 b6 24. Kd2 Ba6 25. Kc3 Bc8 26. R6h2 Nh5 27. Bc2 Bd7 28. Bb3 Rh8 29. Rh4 Kf6 30. Ne6 Bxe6 31. dxe6 Kxe6 32.
Ba4 Kf6 33. Bc6 Rab8 34. Bd5 Kg7 35. a4 Ng3 36. Rxh8 Rxh8 37. Rxh8 Kxh8 38. a5 Nf1 39. axb6 axb6 40. Kb3 Ne3 41. Ka4 Nxg2 42. Kb5 g5 43. Kxb6 g4 44. Kxc5 gxf3 45. Kd6 f2 46. c5 f1=Q 47. c6 Qa6 48. Kd7 Qb5 49. Kd8 f3 50. c7 Qb6 51. Kd7 Qc5 52. c8=Q+ Qxc8+ 53. Kxc8 Ne3 54.
Kd7 Nxd5 55. exd5 f2 56. d6 f1=Q 0-1

[Event "*** MasterClass Titled Tuesday Blitz"]
[Site "Chess.com"]
[Date "2017.08.01"]
[Round "4"]
[White "Incognito_Knight"]
[Black "B-man"]
[Result "0-1"]
[WhiteElo "2355"]
[BlackElo "2386"]
[TimeControl "180+2"]
[EndTime "13:53:30 PDT"]
[Termination "B-man won by resignation"]

1. e4 e5 2. Nf3 Nc6 3. Bb5 Nge7 4. O-O g6 5. d4 exd4 6. c3 d3 7. Bxd3 Bg7 8. Bf4 d6 9. Qd2 h6 10. h3 g5 11. Bg3 Ng6 12. Na3 O-O 13. Nc4 Nce5 14.
Nfxe5 dxe5 15. Rfd1 Nf4 16. Bf1 Be6 17. Ne3 Qxd2 18.
Rxd2 Rfd8 19. Rad1 Rxd2 20. Rxd2 Bxa2 21. Rd7 Rc8 22. c4 Bb3 23. Nf5 Ba4 24. Ne7+ Kf8 25. Nxc8 Bxd7 26. Nxa7 c6 27. f3 Ke7 28. Bf2 Ne6 29.
b4 Nd4 30. b5 Kd6 31. Be1 Kc5 32. Ba5 Bf8 33. Bc7 Bd6 34. Ba5 Nb3 35. Bd8 Nd2 36. Bd3 Nxc4 37. Kf2 cxb5 38. Ke2 b4 39. Kd1 Kd4 40.
Ke2 b3 41. h4 Bc5 42. h5 Bxa7 43. Bxg5 Bb5 44. Bxh6 b2 45. Bc2 Kc3 46. Kd1 Be3 47. Bg7 Ba4 0-1

[Event "*** MasterClass Titled Tuesday Blitz"]
[Site "Chess.com"]
[Date "2017.08.01"]
[Round "4"]
[White "silverback96"]
[Black "ChessNinja48"]
[Result "0-1"]
[WhiteElo "2118"]
[BlackElo "2301"]
[TimeControl "180+2"]
[EndTime "13:53:42 PDT"]
[Termination "ChessNinja48 won by checkmate"]

1. d4 Nf6 2. c4 c5 3. d5 b5 4.
cxb5 a6 5. e3 Bb7 6. Nc3 Qa5 7.
Bd2 e6 8. e4 axb5 9. Bxb5 Nxe4 10. Bxd7+ Nxd7 11. Nxe4 Qb6 12. dxe6 Qxe6 13. f3 f5 14. Nh3 fxe4 15. O-O Bd6 16. fxe4 O-O-O 17. Ng5 Qg6 18. Nf7 Bxe4 19. Qe2 Be5 20. Rac1 Bd4+ 21. Kh1 Bd3 22. Qf3 Bxf1 23. Rxf1 Nb8 24. Qh3+ Kb7 25. Qb3+ Qb6 26. Nxd8+ Rxd8 27. Rf7+ Rd7 28. Qf3+ Qc6 29. Qb3+ Qb6 30. Qf3+ Qc6 31. Qb3+ Kc8 32. Rf8+ Rd8 33. Rxd8+ Kxd8 34. Qxb8+ Ke7 35. Bg5+ Kf7 36. Qf4+ Kg6 37.
Bh4 h6 38. b3 Qd5 39. Qg4+ Kh7 40. h3 Qe5 41. Bg3 Qd5 42. Qf3 Qe6 43. Kh2 Bf6 44. a4 Bd4 45. a5 Qa6 46. Bc7 Qb5 47. Qf5+ Kg8 48. Qe6+ Kh7 49. a6 Qf1 50. a7 Qg1+ 51. Kg3 Qf2+ 52. Kg4 Qxg2+ 53. Kf5 Qxh3+ 54. Kf4 g5+ 55. Ke4 Qxe6+ 56. Kd3 Qxb3+ 57. Ke4 Qa4 58. Bb8 Qc6+ 59.
Kf5 Bg7 60. Kg4 c4 61. Kg3 c3 62. Kg4 c2 63. a8=Q Qxa8 64. Bf4 Qg2+ 65. Kh5 Qh3# 0-1

[Event "*** MasterClass Titled Tuesday Blitz"]
[Site "Chess.com"]
[Date "2017.08.01"]
[Round "4"]
[White "toad"]
[Black "CookiesAndIceCream"]
[Result "1-0"]
[WhiteElo "2134"]
[BlackElo "2138"]
[TimeControl "180+2"]
[EndTime "13:53:42 PDT"]
[Termination "toad won by resignation"]

1. d4 Nf6 2. c4 g6 3. g3 c6 4. Bg2 d5 5. cxd5 cxd5 6. Nf3 Bg7 7. Nc3 O-O 8. Ne5 b6 9. O-O Bb7 10. Bf4 Nc6 11. Rc1 Rc8 12. Qa4 a6 13. Nxc6 Rxc6 14.
Be5 b5 15. Qb3 e6 16. a4 bxa4 17. Qxb7 Rb6 18. Qc7 Rxb2 19. Nxa4 Rxe2 20. Qxd8 Rxd8 21. Rc6 Ra8 22. Rfc1 h5 23. Bf1 Ra2 24. Nb6 Re8 25. Rc8 Rxc8 26. Rxc8+ Kh7 27. Rc7 Kg8 28. Ra7 a5 29.
Nc8 Ne4 30. Bxg7 Kxg7 31. f3 Nd2 32. Bg2 Nb3 33. Nd6 Nxd4 34. Nxf7 Kf6 35. Nd6 a4 36. f4 g5 37. fxg5+ Kxg5 38. Nb7 a3 39. Nc5 Kf6 40. h3 Ra1+ 41. Kf2 Ra2+ 42. Kf1 Ra1+ 43. Kf2 a2 44. Ke3 Nc2+ 45. Kd2 Nb4 46. Nb3 Rg1 47. Kc3 Rxg2 48. Kxb4 Ke5 49. Nc5 d4 50. Kb3 Kd5 51. Nd7 Rxg3+ 52.
Kxa2 d3 53. Kb3 Kd4 54. Ra4+ Ke3 55. Kc3 Rxh3 56. Ne5 Ke2 57. Re4+ Kf2 58. Nxd3+ Kg2 59. Rxe6 h4 60. Kd2 Kg3 61. Re3+ Kg4 62. Nf2+ Kh5 63.
Rxh3 Kg5 64. Ke3 Kh5 65. Kf4 1-0

[Event "*** MasterClass Titled Tuesday Blitz"]
[Site "Chess.com"]
[Date "2017.08.01"]
[Round "4"]
[White "Keaton87"]
[Black "Rodalquilar"]
[Result "1-0"]
[WhiteElo "2506"]
[BlackElo "2532"]
[TimeControl "180+2"]
[EndTime "13:53:43 PDT"]
[Termination "Keaton87 won by checkmate"]

1. e4 e5 2. Nf3 Nc6 3. Nc3 Nf6 4.
Bb5 Bd6 5. d3 h6 6. a3 O-O 7. O-O a6 8. Bc4 Re8 9. Be3 Bf8 10. h3 d6 11. Qd2 Be6 12. Bxe6 Rxe6 13. Nd5 Ne7 14. c4 Ng6 15. b4 c6 16. Bb6 Qc8 17.
Nc7 Nd7 18. Nxa8 Qxa8 19. Be3 b5 20. cxb5 axb5 21. Rfc1 d5 22. Qa2 d4 23. Bd2 Nb6 24. Rc2 Na4 25. Rac1 Rf6 26. Nh2 Nh4 27. Ng4 Rg6 28. g3 Nf3+ 29. Kg2 Nxd2 30. Rxd2 Qe8 31. Qb3 h5 32. Nh2 Be7 33. Nf3 Bd8 34. Qd1 h4 35. g4 Qd7 36. Rdc2 Nc3 37. Rxc3 dxc3 38.
Nxe5 Qd4 39. Nxg6 fxg6 40. Qf3 Bg5 41. Rc2 Bd2 42. Qe2 Bf4 43. Qe1 Be5 44. Qe3 Qd6 45.
d4 Bxd4 46. Qd3 c5 47. bxc5 Qxc5 48. f4 Kh7 49. Kf3 g5 50. e5+ Kh8 51. e6 gxf4 52. Qe4 Bf6 53. Re2 Qxa3 54. Kxf4 Qd6+ 55. Kf5 Qc5+ 56.
Kg6 Qg5+ 57. Kf7 Be7 58. Qf5 b4 59. Qxg5 Bxg5 60. e7 Bxe7 61. Rxe7 b3 62. Kg6 b2 63. Re8# 1-0

[Event "*** MasterClass Titled Tuesday Blitz"]
[Site "Chess.com"]
[Date "2017.08.01"]
[Round "4"]
[White "AndrewDGreen"]
[Black "ZoltanChef"]
[Result "1-0"]
[WhiteElo "2173"]
[BlackElo "2098"]
[TimeControl "180+2"]
[EndTime "13:53:49 PDT"]
[Termination "AndrewDGreen won by resignation"]

1. d4 Nf6 2. Nf3 e6 3. Bf4 d5 4. e3 c5 5. c3 Nc6 6. Nbd2 Nh5 7. Bg5 f6 8. Bh4 g6 9. Bd3 Be7 10. O-O O-O 11. Qe2 c4 12. Bc2 f5 13. Bxe7 Qxe7 14. b3 b5 15. a4 cxb3 16. Bxb3 bxa4 17. Rxa4 Bd7 18. Ra6 Rfb8 19. Rfa1 Nf6 20. Ba4 Rb6 21. Bxc6 Bxc6 22. Rxb6 axb6 23. Rxa8+ Bxa8 24. Qa6 Qb7 25. Qb5 Qc6 26. Qb4 Qc7 27. h3 Bb7 28. Ne5 Ne4 29. Nxe4 fxe4 30. c4 dxc4 31. Nxc4 Bd5 32. Ne5 Kg7 33. h4 Qd8 34. Qa3 Qc7 35. Kh2 b5 36. g4 Qd8 37. Kg3 Qb8 38. Qe7+ Kh8 39.
Qf6+ Kg8 40. Qf7+ Kh8 41. h5 gxh5 42. Qf6+ Kg8 43. gxh5 Qf8 44. Qh4 b4 45. h6 b3 46.
Qg5+ Kh8 47. f4 exf3 48. Kf2 b2 49. Nf7+ Qxf7 50. Qd8+ 1-0

[Event "*** MasterClass Titled Tuesday Blitz"]
[Site "Chess.com"]
[Date "2017.08.01"]
[Round "4"]
[White "sergiochess83"]
[Black "dretch"]
[Result "1-0"]
[WhiteElo "2658"]
[BlackElo "2507"]
[TimeControl "180+2"]
[EndTime "13:53:50 PDT"]
[Termination "sergiochess83 won on time"]

1. e4 e6 2. d4 d5 3. Nd2 c5 4. Ngf3 cxd4 5. Nxd4 Nf6 6. exd5 Nxd5 7. N2f3 Bb4+ 8.
Bd2 O-O 9. Bxb4 Nxb4 10. c3 N4c6 11. Be2 e5 12. Nb5 Qb6 13. Qc2 a6 14. Nd6 Nb4 15. Qd2 Nc2+ 16. Qxc2 Qxd6 17. Rd1 Qf6 18. O-O Nc6 19. Bd3 g6 20. Be4 Be6 21. Rd6 Qe7 22. Rfd1 Nd4 23. cxd4 Qxd6 24. dxe5 Qe7 25. h4 Rac8 26.
Qe2 Bg4 27. Qe3 Rfd8 28. Re1 Rc7 29. Qf4 Bxf3 30. Bxf3 Qe6 31. h5 Rcd7 32. Bg4 f5 33. Bf3 b5 34. Qh6 Rc7 35. Bd1 Kh8 36. Bb3 Qe8 37.
e6 Rg7 38. Qe3 gxh5 39. Qe5 Qg6 40. Bd5 h4 41. e7 Re8 42. Rc1 h3 43. g3 h6 44. Rc6 Qg5 45. Bf7 Rxe7 46. Rxh6+ Qxh6 47. Qxe7 Kh7 48. Qe8 Qf6 49. Be6 f4 50. Qh5+ Qh6 51.
Bf5+ Rg6 52. Bxg6+ Kg7 53. Qxh6+ Kxh6 54. Be4 Kg5 55. Kh2 Kg4 56. Bb7 b4 57. Bxa6 Kf3 58. gxf4 Kxf4 59. Bb7 Kg4 60. Bc6 Kf4 61. Kxh3 1-0

[Event "*** MasterClass Titled Tuesday Blitz"]
[Site "Chess.com"]
[Date "2017.08.01"]
[Round "4"]
[White "matej2221"]
[Black "stefanodinn"]
[Result "1/2-1/2"]
[WhiteElo "2266"]
[BlackElo "2172"]
[TimeControl "180+2"]
[EndTime "13:53:51 PDT"]
[Termination "Game drawn by agreement"]

1. e4 c5 2. Nf3 d6 3. d4 cxd4 4. Nxd4 Nf6 5. f3 e5 6. Nb3 d5 7. Bg5 Be6 8. Bb5+ Nc6 9. exd5 Qxd5 10. Nc3 Bb4 11. Qxd5 Nxd5 12. Bd2 Bxc3 13. bxc3 a6 14. Bd3 O-O 15. Nc5 Bc8 16. a3 Rd8 17. O-O-O b6 18.
Nb3 Be6 19. Be4 Rac8 20. c4 Nf6 21. Be3 Rxd1+ 22. Rxd1 Nxe4 23. fxe4 Bxc4 24. Kb2 b5 25. Rd6 Bxb3 26. cxb3 Kf8 27. Bc5 Ke8 28. b4 a5 29.
Kb3 axb4 30. axb4 f6 31. h4 h5 32. g3 Rc7 33. Kc3 Kf7 34. Kd3 Ke8 35. Kc3 Kf7 36. Kb3 g6 37. Rd5 f5 38. Bb6 Rb7 39. Bc5 fxe4 40.
Rd2 Rc7 41. Re2 Ke6 42. Rxe4 Kf5 43. Re3 Rd7 44. Rf3+ Kg4 45. Rf6 Nd4+ 46. Bxd4 exd4 47. Rxg6+ Kf3 48. Kc2 Rc7+ 49. Kd2 Rc4 50. Rg5 Rxb4 51. Rxh5 Kxg3 52. Kd3 Kg4 53. Rd5 Kxh4 54. Rxd4+ Rxd4+ 55. Kxd4 Kg4 56. Kc5 1/2-1/2

[Event "*** MasterClass Titled Tuesday Blitz"]
[Site "Chess.com"]
[Date "2017.08.01"]
[Round "4"]
[White "Sebastian"]
[Black "SipkeErnst"]
[Result "1-0"]
[WhiteElo "2792"]
[BlackElo "2535"]
[TimeControl "180+2"]
[EndTime "13:54:04 PDT"]
[Termination "Sebastian won by resignation"]

1. e4 e5 2. Nf3 Nc6 3. Bb5 a6 4. Ba4 Nf6 5. O-O Be7 6. Re1 b5 7. Bb3 d6 8. a4 b4 9. d4 Bg4 10. dxe5 Nxe5 11. Nbd2 O-O 12. h3 Be6 13. Nxe5 dxe5 14.
Bxe6 fxe6 15. Qe2 Bc5 16. Nb3 Bd6 17. Qc4 Qe7 18. Be3 a5 19. Rad1 Nd7 20. Rd3 Nb6 21.
Qc6 Qd7 22. Qxd7 Nxd7 23. Red1 Ra6 24. Rc1 Rb8 25. Nd2 Rc6 26. b3 Kf7 27. Nc4 Ra8 28. Rcd1 Raa6 29. g3 Ke7 30. Bg5+ Kf7 31. Be3 Ke7 32. Kg2 Nc5 33. Bxc5 Rxc5 34. Ne3 Rac6 35. h4 h5 36. Kf3 Rc3 37. Rxc3 Rxc3 38.
Rd3 Rc5 39. Nc4 Kf6 40. g4 g6 41. Kg3 Rc6 42. Rf3+ Ke7 43. Rd3 Kf6 44. f3 Kg7 45. g5 Kf7 46. Rd2 Ke7 47. Nxa5 Rc3 48. Nc4 Bc5 49. Kg2 Bd4 50. Re2 Kd7 51. Rd2 Kc6 52. f4 Kc5 53. fxe5 Be3 54. Re2 Bf4 55. Rf2 Rg3+ 56.
Kf1 Rg4 57. a5 Kb5 58. Ke2 Rxh4 59. Rg2 Rh3 60. Rf2 Bxg5 61. Rg2 Bf4 62. Rxg6 Rc3 63. Rxe6 h4 64. Rf6 Rxc2+ 65. Kf3 Bc1 66. e6 Bg5 67.
Rf5+ Ka6 68. Rxg5 h3 69. Rh5 1-0

[Event "*** MasterClass Titled Tuesday Blitz"]
[Site "Chess.com"]
[Date "2017.08.01"]
[Round "4"]
[White "HaryKane"]
[Black "Me_ch_an"]
[Result "1-0"]
[WhiteElo "2286"]
[BlackElo "2396"]
[TimeControl "180+2"]
[EndTime "13:54:16 PDT"]
[Termination "HaryKane won by resignation"]

1. e4 c5 2. Nf3 Nc6 3. d4 cxd4 4. Nxd4 Qb6 5. Nb3 Nf6 6. Bd3 e6 7. O-O a6 8. Qe2 h5 9. Nc3 Ng4 10. h3 Nge5 11. Be3 Qc7 12. f4 Ng6 13. Rae1 b5 14.
Nc5 Na5 15. b4 Nb7 16. e5 Ne7 17. Be4 Nc6 18. f5 Qxe5 19. fxe6 fxe6 20. Bg6+ Kd8 21. Nxb7+ Bxb7 22. Bb6+ Kc8 23. Qxe5 Nxe5 24. Rxe5 Bxb4 25. Ne2 Bd6 26. Re3 Bd5 27. Bd4 Rh6 28. Be4 Bxe4 29.
Rxe4 Rg6 30. Be5 Bc5+ 31. Bd4 Bd6 32. Nf4 Bxf4 33. Rexf4 Kc7 34. Rf7 Rg8 35. Bb2 Kc6 36. Rd1 d6 37. Ba3 e5 38. Bb2 Re6 39. Rf5 g5 40. Rdf1 Rgg6 41. Rf8 e4 42. R8f6 d5 43. Rxg6 Rxg6 44. Rf6+ Rxf6 45. Bxf6 g4 46. Bd4 b4 47.
Kf2 Kb5 48. hxg4 hxg4 49. Kg3 Kc4 50. Bb2 d4 51. Kxg4 d3 52. cxd3+ Kxd3 53. Bc1 e3 54. Kf3 e2 55. Kf2 Kc2 56. Kxe2 Kxc1 57. g4 Kb2 58. g5 Kxa2 59. g6 b3 60. g7 b2 61. g8=Q+ Ka1 62. Qg7 Ka2 63. Qf7+ Ka1 64. Qf6 Ka2 65. Qxa6+ Kb1 66. Kd3 Kc1 67. Qc4+ Kb1 68. Kc3 Ka1 69. Qa4+ Kb1 70. Qc2+ 1-0

[Event "*** MasterClass Titled Tuesday Blitz"]
[Site "Chess.com"]
[Date "2017.08.01"]
[Round "4"]
[White "hermionegrangermagic"]
[Black "AlexanderKing"]
[Result "1-0"]
[WhiteElo "2353"]
[BlackElo "2440"]
[TimeControl "180+2"]
[EndTime "13:54:26 PDT"]
[Termination "hermionegrangermagic won by resignation"]

1. d4 d5 2. c4 c6 3. Nc3 Nf6 4.
e3 Bf5 5. cxd5 cxd5 6. Qb3 Nc6 7. Qxb7 Bd7 8. Qb3 Rb8 9. Qd1 e5 10. dxe5 Nxe5 11. Nf3 Bd6 12. Be2 O-O 13. O-O Qe7 14.
Nd4 Rfc8 15. h3 Ng6 16. Nf3 Ne5 17. Nd4 Nc4 18. Bxc4 Rxc4 19. Nf3 Be6 20. Ne2 Ne4 21. b3 Rc6 22. Bb2 Rbc8 23. Ned4 Ra6 24. Qd3 Nc5 25. Qe2 Rb6 26. Rfc1 Rcb8 27. Nxe6 fxe6 28. Qd1 Ne4 29. Qd4 Rb4 30. Qd1 R4b7 31. Rc2 Rf8 32. Rac1 h6 33. Rc8 Rb8 34. Rxb8 Bxb8 35. Qe2 Qf7 36. Rc6 Qd7 37. Qc2 Bd6 38. Qc1 e5 39. Rc2 Rxf3 40. gxf3 Ng5 41. f4 exf4 42. Qd1 Qf5 43. Rd2 fxe3 44. fxe3 Nf3+ 45.
Kg2 Nxd2 46. Qxd2 Qe4+ 47. Kf1 Kh7 48. Ke2 Qg2+ 49. Kd1 Qf1+ 50. Kc2 Qf5+ 51. Qd3 Kg6 52. Bd4 Bb8 53. Qxf5+ Kxf5 54. Bxg7 h5 55. Kd3 Kg5 56. Kd4 Kh4 57. Kxd5 Bc7 58. e4 Kxh3 59. e5 Kg4 60. e6 Bd8 61. Kd6 h4 62. e7 Bxe7+ 63. Kxe7 Kf5 64.
Bd4 a6 65. Bg1 Ke5 66. Kd7 Kd5 67. Kc7 a5 68. Kb6 a4 69. bxa4 Kd6 70. a5 Kd7 71. a6 1-0

[Event "*** MasterClass Titled Tuesday Blitz"]
[Site "Chess.com"]
[Date "2017.08.01"]
[Round "4"]
[White "Journey_to_GrandMaster_YT"]
[Black "pKiLz5Rn9b"]
[Result "1-0"]
[WhiteElo "2331"]
[BlackElo "2572"]
[TimeControl "180+2"]
[EndTime "13:54:31 PDT"]
[Termination "Journey_to_GrandMaster_YT won by resignation"]

1. d4 Nf6 2. Nf3 e6 3. e3 d5 4. Bd3 Nbd7 5. O-O Bd6 6. b3 e5 7. dxe5 Nxe5 8. Nxe5 Bxe5 9. c3 O-O 10. h3 c6 11. Bb2 Ne4 12. Qc2 Bf5 13. f3 Qh4 14.
fxe4 dxe4 15. Rxf5 exd3 16. Qf2 Bg3 17. Qf3 Be1 18. Rf4 Qe7 19. Na3 d2 20. Nc2 Rad8 21. Nxe1 dxe1=Q+ 22. Rxe1 Rd2 23. Re2 Rfd8 24. Kh2 Qe5 25. h4 h6 26. Ba3 Rxe2 27. Qxe2 g5 28. hxg5 hxg5 29. Qg4 Kh7 30. Qf5+ Qxf5 31. Rxf5 Kg6 32.
Rf2 Rd3 33. Bc5 b6 34. Bd4 f5 35. b4 Rd1 36. Kg3 Re1 37. Kf3 Kh5 38. Kg3 Kg6 39. c4 Rc1 40. c5 b5 41. a4 Rc4 42. axb5 cxb5 43. Ra2 Rxb4 44. Ra6+ Kh5 45. Rxa7 f4+ 46. Kf3 fxe3 47. Bxe3 Rc4 48. Rb7 b4 49. Rb5 Kg6 50. g4 Kf6 51. Rb6+ Ke5 52. Rg6 b3 53. Rb6 Rc3 54. Ke2 Kd5 55. Kd2 Kc4 56. c6 Rc2+ 57. Kd1 Rc3 58. c7 Kd5 59. Bxg5 Rxc7 60. Rxb3 Rg7 61.
Rb5+ Kc4 62. Rf5 Kd4 63. Ke2 Ke4 64. Kf2 1-0

[Event "*** MasterClass Titled Tuesday Blitz"]
[Site "Chess.com"]
[Date "2017.08.01"]
[Round "4"]
[White "Adham_Fawzy"]
[Black "Giraffe_Chess"]
[Result "0-1"]
[WhiteElo "2376"]
[BlackElo "2217"]
[TimeControl "180+2"]
[EndTime "13:54:51 PDT"]
[Termination "Giraffe_Chess won by checkmate"]

1. e4 e5 2. Nf3 Nc6 3. Bc4 Nf6 4. d3 Be7 5. O-O O-O 6. Re1 d6 7. c3 d5 8. exd5 Nxd5 9. Nxe5 Nxe5 10. Rxe5 c6 11. Nd2 Bd6 12. Re1 Qh4 13. Nf3 Qh5 14. d4 Bg4 15. h3 Bxh3 16. gxh3 Qxh3 17. Bf1 Qg4+ 18. Bg2 Bf4 19. Be3 Rfe8 20. Qd2 Re6 21. c4 Rg6 22. Nh4 Qxh4 23. Kf1 Nxe3+ 24. fxe3 Bg3 25. Bf3 Rf6 26. Ke2 Qh2+ 27. Kd3 Qxd2+ 28. Kxd2 Bxe1+ 29. Ke2 Bh4 30. b4 Re8 31. Rg1 h6 32. a4 Rfe6 33. e4 f5 34. e5 g5 35.
b5 g4 36. a5 Kf7 37. Bh1 Bg5 38. a6 bxa6 39. bxc6 Kg6 40. Rb1 R8e7 41. c5 Bf4 42. Rb7 Bxe5 43. dxe5 Rxe5+ 44. Kd3 Re3+ 45. Kc4 Re1 46. Bd5 Rc1+ 47. Kd4 Ree1 48. c7 Red1+ 49. Ke3 Rxc5 50. Be6 Rdc1 51. c8=Q Rxc8 52. Bxc8 Rxc8 53. Rxa7 Rc6 54. Kf4 Rc4+ 55. Kg3 Ra4 56. Kh4 a5 57. Ra6+ Kg7 58. Kh5 g3 59. Rg6+ Kf7 60. Rxg3 f4 61.
Rb3 Kf6 62. Kg4 Rb4 63. Ra3 a4 64. Rc3 Ke5 65. Rc5+ Kd4 66. Ra5 Kc3 67. Kf3 Kb3 68.
Rd5 a3 69. Rd3+ Kb2 70. Rd2+ Ka1 71. Rd1+ Rb1 72. Rd3 a2 73. Kxf4 Kb2 74. Rd2+ Kb3 75. Rd3+ Kc4 76. Ra3 a1=Q 77. Rxa1 Rxa1 78. Kg4 Rh1 79.
Kf5 Re1 80. Kg4 Kd5 81. Kh5 Ke5 82. Kg6 Rf1 83. Kh5 Kf5 84. Kh4 h5 85. Kxh5 Rh1# 0-1